 Dungeon Crawl Stone Soup version 0.19-a0-1346-g7941943 (webtiles) character file.

121 Lindan9 the Chiller (level 4, -3/32 HPs)
             Began as a Demonspawn Ice Elementalist on Sept 1, 2016.
             Slain by an orc
             ... wielding a +0 trident
              (9 damage)
             ... on level 3 of the Dungeon.
             The game lasted 00:11:21 (2169 turns).

Lindan9 the Chiller (Demonspawn Ice Elementalist)   Turns: 2169, Time: 00:11:23

Health: -3/32      AC:  4    Str:  8    XL:     4   Next: 76%
Magic:  9/17       EV: 12    Int: 17    God:
Gold:   196        SH:  0    Dex: 14    Spells: 1 memorised, 8 levels left

rFire  . . .     SeeInvis .     k - +0 mace
rCold  + . .     Gourm    .     a - +0 robe
rNeg   + . .     Faith    .     (no shield)
rPois  .         Spirit   .     (no helmet)
rElec  .         Dismiss  .     i - +0 cloak
rCorr  .         Reflect  .     (no gloves)
MR     .....     Harm     .     d - +0 pair of boots
Stlth  ++........               n - amulet of regeneration
                                u - ring of positive energy
                                o - ring of magical power

@: no status effects
A: talons 1, cold resistance 1
a: no special abilities


You were on level 3 of the Dungeon.
You were not hungry.

You visited 1 branch of the dungeon, and saw 3 of its levels.

You collected 196 gold pieces.

Inventory:

Hand Weapons
 g - a +0 mace
 k - a +0 mace (weapon)
 w - a +0 falchion
Armour
 a - a +0 robe (worn)
 d - a +0 pair of boots (worn)
 i - a +0 cloak (worn)
Jewellery
 n - an amulet of regeneration (around neck)
 o - a ring of magical power (left hand)
 u - a ring of positive energy (right hand)
 z - an uncursed ring of stealth {unknown}
Scrolls
 t - a scroll of enchant armour {unknown}
 v - a scroll of remove curse
 y - a scroll of identify
Potions
 c - 2 potions of magic {unknown}
 e - 2 potions of haste {unknown}
 f - 2 potions of ambrosia {unknown}
 h - a potion of mutation {unknown}
 j - a potion of flight {unknown}
 l - 3 potions of curing {unknown}
 p - 2 potions of lignification {unknown}
 q - a potion of heal wounds {unknown}
 s - a potion of agility {unknown}
Books
 b - a book of Frost

   Spells                             Type                      Level
   a - Freeze                         Ice                          1
   b - Throw Frost                    Conjuration/Ice              2
   c - Ozocubu's Armour               Charms/Ice                   3
   d - Throw Icicle                   Conjuration/Ice              4
   e - Summon Ice Beast               Ice/Summoning                4
Comestibles
 m - 2 bread rations
 r - a meat ration
 x - a beef jerky


   Skills:
 + Level 1.1 Fighting
 + Level 0.5 Maces & Flails
 + Level 2.2 Dodging
 + Level 2.2 Stealth
 + Level 3.0 Spellcasting
   Level 1.0 Conjurations
 + Level 3.6 Ice Magic


You had 8 spell levels left.
You knew the following spells:

 Your Spells              Type           Power        Failure   Level  Hunger
a - Freeze                Ice            ##..         4%          1    None


Dungeon Overview and Level Annotations

Branches:
Dungeon (3/15)

Altars:


Innate Abilities, Weirdness & Mutations

You have sharp toenails.
Your flesh is cold resistant. (rC+)


Message History

Press: ? - help, Shift-Dir - straight line, f/p - orc
Aim: an orc, wielding a flail (severely wounded)
You freeze the orc.
You kill the orc!
The adder hisses angrily.
The orc wizard casts a spell at you. The puff of flame hits you!
The orc hits you from afar with a trident!
Casting: Freeze
Confirm with . or Enter, or press ? or * to list all spells.
Aiming: Freeze
Press: ? - help, Shift-Dir - straight line, f - orc wizard
Aim: an orc wizard, wielding a dagger of speed and wearing a robe (fast)
You freeze the orc wizard.
The orc wizard is lightly wounded.
The orc wizard gestures at you while chanting.
The puff of flame hits you!
* * * LOW HITPOINT WARNING * * *
The orc hits you from afar with a trident!
You die...

#..................<.
#####.##.............
##.##.............
#..##.............
#.###.............
#.# #............ #.#
.. #.# #@# #o#


#bo #.K. #...S #..... #...... #....... You could see an orc wizard, an adder, an
orc, a bat and a kobold.

Vanquished Creatures
  A gnoll (D:2)
  3 adders
  An ooze (D:1)
  A worm (D:2)
  2 dart slugs
  2 giant geckos
  5 orcs (D:3)
  7 bats
  3 giant cockroaches
  4 goblins (D:1)
  6 hobgoblins
  3 jackals (D:2)
  8 kobolds
  2 quokkas (D:2)
  A ball python (D:3)
  9 giant newts
  8 rats
66 creatures vanquished.

Notes
Turn   | Place    | Note
-------+----------+-------------------------------------------
     0 | D:1      | Lindan9 the Demonspawn Ice Elementalist began the quest for the Orb.
     0 | D:1      | Reached XP level 1. HP: 13/13 MP: 3/3
   229 | D:1      | Gained mutation: You have sharp toenails. [demonic ancestry]
   229 | D:1      | Reached XP level 2. HP: 12/19 MP: 5/5
   952 | D:1      | Gained mutation: Your flesh is cold resistant. (rC+) [demonic ancestry]
   952 | D:1      | Reached XP level 3. HP: 21/24 MP: 6/6
  1561 | D:2      | Reached XP level 4. HP: 25/31 MP: 8/8
  2022 | D:3      | Reached skill level 1 in Fighting
  2169 | D:3      | Slain by an orc

Vault maps used:
D:1:      minmay_arrival_diagonal_passages
D:2:      minmay_lizard_king
D:3:      first_bread

Skill      XL: |  1  2  3  4 |
---------------+-------------+-----
Ice Magic      | 3 |  3.6
Stealth        | 2 |  2.2
Dodging        | 2 |  2.2
Fighting       | 1 |  1.1
Spellcasting   | 3 |  3.0
Maces & Flails | |  0.5
Conjurations   | |  1.0

Action                   |  1- 3 |  4- 6 || total
-------------------------+-------+-------++-------
Melee: Mace              |    64 |    38 ||   102
       Kick              |     5 |       ||     5
 Cast: Freeze            |    40 |    40 ||    80
  Use: Scroll            |     3 |     1 ||     4
 Stab: Sleeping          |     3 |     2 ||     5
  Eat: Fruit             |     2 |       ||     2
       Bread ration      |     1 |       ||     1
Armor: Robe              |    32 |    16 ||    48
Dodge: Dodged            |    69 |    57 ||   126
